 Dungeon Crawl Stone Soup version 0.27-a0-92-g39ad13b146 (webtiles) character file.

Game seed: 16019496705425411171

15012 kestreltb the Destroyer (level 12, -5/104 HPs)
             Began as a Naga Conjurer on Jan 15, 2021.
             Was a High Priest of Vehumet.
             Slain by an ice beast (14 damage)
             ... on level 1 of the Lair of Beasts.
             The game lasted 01:43:13 (17043 turns).

kestreltb the Destroyer (Naga Conjurer)            Turns: 17043, Time: 01:43:14

Health: -5/104     AC: 11    Str: 11    XL:     12   Next: 22%
Magic:  0/24       EV:  6    Int: 22    God:    Vehumet [*****.]
Gold:   301        SH:  4    Dex: 10    Spells: 6/27 levels left

rFire    . . .     SeeInvis +   c - +2 hand axe (vorpal)
rCold    . . .     Faith    .   s - +0 buckler {AC+3}
rNeg     . . .     Spirit   .   a - +0 robe
rPois    +         Reflect  .   q - +1 helmet
rElec    .         Harm     .   (no cloak)
rCorr    .         Rampage  .   k - +0 pair of gloves
Will     +....                  (no barding)
Stlth    ++++......             (no amulet)
HPRegen  0.27/turn              w - ring of stealth
MPRegen  0.19/turn              G - -4 ring of evasion

@: very slow
A: large, see invisible, deformed body, poison resistance, slowness 2, spit
poison 1, AC +4
a: Spit Poison, Renounce Religion


You were on level 1 of the Lair of Beasts.
You worshipped Vehumet.
Vehumet was extremely pleased with you.
You visited 3 branches of the dungeon, and saw 13 of its levels.
You also visited: Sewer.

You collected 809 gold pieces.
You spent 508 gold pieces at shops.

Inventory:

Hand Weapons
 c - a +2 vorpal hand axe (weapon)
 h - a +0 spear
 z - the +0 whip of the Lumpy Artisans {vorpal, +Blink Will+}
   (You found it on level 4 of the Dungeon)

   It inflicts extra damage upon your enemies.
   It affects your willpower, your defense against some magical effects.
   It lets you blink.
 L - a +0 dagger of holy wrath
Missiles
 o - 34 poisoned darts (quivered)
 D - 6 javelins
Armour
 a - a +0 robe (worn)
 e - a +0 tower shield
 k - a +0 pair of gloves (worn)
 q - a +1 helmet (worn)
 s - a +0 buckler of protection (worn)
 B - the +11 chain mail of the Skies Above {rElec}
   (You found it on level 7 of the Dungeon)

   It insulates you from electricity.
Jewellery
 w - a ring of stealth (left hand)
 G - a -4 ring of evasion (right hand)
Wands
 m - a wand of flame (15)
 u - a wand of polymorph (8)
 x - a wand of disintegration (7)
 A - a wand of digging (6)
 M - a wand of enslavement (4)
Scrolls
 b - a scroll of noise
 d - 4 scrolls of teleportation
 l - a scroll of immolation
 r - 4 scrolls of enchant weapon
 t - 7 scrolls of remove curse
 y - 2 scrolls of amnesia
 C - a scroll of enchant armour
 F - 2 scrolls of identify
 K - a scroll of fog
Potions
 f - 5 potions of flight
 g - 4 potions of curing
 i - a potion of heal wounds
 j - 2 potions of might
 n - 3 potions of attraction
 p - a potion of invisibility {unknown}
 v - a potion of brilliance
 E - a potion of resistance {unknown}
 H - a potion of mutation {unknown}
 J - a potion of lignification {unknown}
Miscellaneous
 I - a box of beasts (inert)


   Skills:
 + Level 5.6 Fighting
 + Level 6.2(6.4) Axes
 - Level 2.0(4.4) Polearms
 + Level 2.1 Armour
 - Level 1.5 Dodging
 + Level 6.0 Stealth
 - Level 4.0 Shields
 + Level 8.1 Spellcasting
 * Level 11.9 Conjurations
 - Level 2.0 Hexes
 - Level 1.3 Summonings
 + Level 5.4 Fire Magic
 - Level 1.3 Air Magic
 - Level 3.5 Evocations


You had 6 spell levels left.
You knew the following spells:

 Your Spells              Type           Power        Failure   Level
a - Magic Dart            Conj           100%         1%          1
b - Searing Ray           Conj           100%         1%          2
c - Dazzling Flash        Conj/Hex       78%          1%          3
d - Fulminant Prism       Conj/Hex       19%          1%          4
e - Conjure Flame         Conj/Fire      47%          1%          3
f - Call Canine Familiar  Summ           14%          13%         3
g - Lightning Bolt        Conj/Air       19%          3%          5

Your spell library contained the following spells:

 Spells                   Type           Power        Failure   Level
 Lee's Rapid Deconstruct  Erth           4%           45%         5
 Iskenderun's Mystic Bla  Conj/Tloc      35%          1%          4
 Corona                   Hex            18%          3%          1
 Summon Small Mammal      Summ           56%          4%          1
 Call Imp                 Summ           14%          6%          2
 Ensorcelled Hibernation  Hex/Ice        26%          8%          2
 Confusing Touch          Hex            17%          10%         3
 Tukima's Dance           Hex            17%          10%         3
 Summon Guardian Golem    Hex/Summ       16%          11%         3
 Summon Lightning Spire   Summ/Air       14%          38%         4
 Summon Ice Beast         Ice/Summ       11%          50%         4


Dungeon Overview and Level Annotations

Branches:
Dungeon (11/15)            Temple (1/1) D:6            Lair (1/6) D:8
    Orc (0/2) D:11          Sewer (visited)

Altars:
Ashenzari
Cheibriados
Dithmenos
Elyvilon
Fedhas
Gozag
Hepliaklqana
Kikubaaqudgha
Makhleb
Nemelex Xobeh
Okawaru
Qazlal
Ru
Sif Muna
Trog
Uskayaw
Vehumet
Wu Jian
Xom
Yredelemnul
Zin
The Shining One

Shops:
D:4 !   D:5 :   D:9 (   D:11 [(!

Portals:
Ice
Cave: Lair:1


Innate Abilities, Weirdness & Mutations

You cannot wear boots.
Your serpentine skin is tough. (AC +4)
You have supernaturally acute eyesight. (SInv)
Armour fits poorly on your strangely shaped body.
Your system is resistant to poisons. (rPois)
You cover ground very slowly.
You can spit poison.


Message History

You feel your power returning. (Press . to maintain the ray.)
The ice beast hits you but does no damage.
Casting: Searing Ray (safe; 1% risk of failure)
Confirm with . or Enter, or press ? or * to list all spells.
Aiming: Searing Ray (safe; 1% risk of failure)
Press: ? - help, Shift-Dir - straight line, f - ice beast
Aim: an ice beast (severely wounded, 17% to evade)
The searing ray hits the ice beast!
The ice beast is almost dead. (Press . to maintain the ray.)
The ice beast hits you.
* * * LOW HITPOINT WARNING * * *
The ice beast freezes you!
* * * LOW HITPOINT WARNING * * *
Without enough magic to sustain it, your searing ray dissipates.
The ice beast hits you.
* * * LOW HITPOINT WARNING * * *
The ice beast freezes you!
You die...

#.. #.. ##.. ######...
#### #P##...##
##...####### ###....####
........#.#.###....#.# #
.......Y.......†..#### #.
..∩....!@..........## ##
.......######.......## #
....... #........#.##
...... ###............
..##.Y####..............
. #...##...............
.##...YYY..............
.......SYl..............
.........FH.†...>.....##.


You could see an ice beast.

Vanquished Creatures
  A centaur warrior (D:10)
  2 two-headed ogres (D:10)
  An unseen horror (D:10)
  An orc sorcerer (D:11)
  2 centaur zombies (D:11)
  A gargoyle (D:7)
  2 cane toads (Lair:1)
  Psyche (D:11)
  2 rime drakes (Lair:1)
  3 komodo dragons (Lair:1)
  2 trolls (D:11)
  2 wyverns
  A shadow (D:11)
  2 wraiths
  A vampire (D:11)
  5 yaks (D:9)
  4 water moccasins
  12 orc warriors
  4 black bears
  6 ice beasts (Lair:1)
  A necrophage (D:9)
  2 phantoms
  2 sky beasts (D:7)
  6 ogres
  3 wolves (Lair:1)
  7 centaurs
  A big kobold (D:10)
  Blork the orc (D:5)
  6 bullfrogs
  A gnoll sergeant (D:8)
  A scorpion (D:11)
  11 killer bees
  2 electric eels (D:9)
  A howler monkey (D:5)
  4 wights (D:11)
  A crimson imp (D:4)
  5 hounds
  A quasit (D:10)
  3 bullfrog zombies
  8 orc priests
  4 bullfrog skeletons
  A gnoll shaman (D:6)
  A jelly (D:9)
  6 orc wizards
  2 centaur skeletons
  An iguana (D:9)
  Jessica (D:3)
  Ijyb (D:4)
  7 worker ants
  A killer bee zombie (D:5)
  2 hound zombies
  2 hound skeletons (D:8)
  A worker ant zombie (D:10)
  14 gnolls
  2 howler monkey skeletons
  14 adders
  2 shadow imps
  4 white imps
  2 ufetubi
  5 oozes
  An adder zombie (D:6)
  An adder skeleton (D:9)
  4 worms
  3 dart slugs
  8 leopard geckos
  67 orcs
  6 giant cockroaches
  9 goblins
  4 hobgoblins
  16 jackals
  2 quokkas
  10 bats
  2 frilled lizards
  A goblin skeleton (D:4)
  A jackal skeleton (D:4)
  10 kobolds
  A kobold skeleton (D:4)
  A kobold zombie (D:4)
  A leopard gecko skeleton (D:8)
  A leopard gecko zombie (D:8)
  An orc skeleton (D:4)
  An orc zombie (D:4)
  A quokka skeleton (D:9)
  2 rats
349 creatures vanquished.

Vanquished Creatures (collateral kills)
  An ice beast (Lair:1)
1 creature vanquished.

Vanquished Creatures (others)
  A wolf (Lair:1)
  A bullfrog (D:11)
  35 fulminant prisms
  9 fungi
  2 plants (Lair:1)
48 creatures vanquished.

Grand Total: 398 creatures vanquished

Notes
Turn   | Place    | Note
-------+----------+-------------------------------------------
     0 | D:1      | kestreltb the Naga Conjurer began the quest for the Orb.
     0 | D:1      | Reached XP level 1. HP: 15/15 MP: 3/3
   498 | D:1      | Reached XP level 2. HP: 22/22 MP: 1/5
   913 | D:2      | Reached XP level 3. HP: 23/28 MP: 3/6
  1762 | D:2      | Learned a level 2 spell: Searing Ray
  1866 | D:2      | Reached XP level 4. HP: 36/36 MP: 4/8
  2598 | D:3      | Noticed Jessica
  2601 | D:3      | Killed Jessica
  2602 | D:3      | Reached skill level 1 in Fighting
  2602 | D:3      | Reached skill level 1 in Polearms
  2602 | D:3      | Reached XP level 5. HP: 44/44 MP: 4/9
  2678 | D:3      | Found an iron altar of Okawaru.
  2678 | D:3      | Found a burning altar of Makhleb.
  2891 | D:4      | Noticed Ijyb
  3140 | D:3      | Reached skill level 5 in Conjurations
  3364 | D:4      | Found a glowing golden altar of the Shining One.
  3503 | D:4      | Found Ficsoirosm's Distillery.
  3515 | D:4      | Reached XP level 6. HP: 34/51 MP: 5/11
  3614 | D:4      | Bought a potion of brilliance for 48 gold pieces
  3690 | D:4      | Reached skill level 5 in Stealth
  4002 | D:4      | Killed Ijyb
  4079 | D:4      | Found a bloodstained altar of Trog.
  4163 | D:4      | Got a faintly glowing whip
  4167 | D:4      | Identified the +0 whip of the Lumpy Artisans {vorpal,
                  | +Blink Will+} (You found it on level 4 of the Dungeon)
  4366 | D:4      | Learned a level 3 spell: Dazzling Flash
  4393 | D:5      | Entered Level 5 of the Dungeon
  4418 | D:5      | Reached XP level 7. HP: 60/60 MP: 9/13
  4751 | D:5      | Noticed Blork the orc
  4758 | D:5      | Killed Blork the orc
  4759 | D:5      | Reached skill level 6 in Conjurations
  5013 | D:5      | Found a white marble altar of Elyvilon.
  5397 | D:5      | Found Fauz's Book Shoppe.
  5477 | D:5      | You fall into a shaft and drop 2 floors!
  5478 | D:7      | Noticed a wyvern
  5528 | D:7      | Reached skill level 1 in Evocations
  5528 | D:7      | Reached XP level 8. HP: 59/69 MP: 8/14
  5541 | D:7      | Killed a wyvern
  5577 | D:7      | Reached skill level 7 in Conjurations
  5752 | D:7      | Reached skill level 5 in Spellcasting
  6033 | D:7      | HP: 1/72 [orc warrior/+0 trident (8)]
  6154 | D:7      | Found a shadowy altar of Dithmenos.
  6206 | D:7      | Got a shimmering chain mail
  6582 | D:7      | Noticed a gargoyle
  6694 | D:6      | Found a staircase to the Ecumenical Temple.
  6703 | Temple   | Entered the Ecumenical Temple
  6738 | Temple   | Became a worshipper of Vehumet
  6845 | D:6      | Found a shimmering blue altar of Sif Muna.
  6955 | D:6      | Found a glowing drain.
  6966 | Sewer    | Entered a sewer
  7539 | Sewer    | Reached * piety under Vehumet
  7539 | Sewer    | Offered knowledge of Shock by Vehumet.
  7977 | D:5      | Reached XP level 9. HP: 67/78 MP: 17/17
  8144 | D:5      | Reached skill level 8 in Conjurations
  8638 | D:6      | Reached skill level 1 in Axes
  9559 | D:8      | Reached ** piety under Vehumet
  9559 | D:8      | Offered knowledge of Sandblast by Vehumet.
  9576 | D:8      | Learned a level 4 spell: Fulminant Prism
  9777 | D:8      | Found a basalt altar of Yredelemnul.
  9986 | D:8      | Reached skill level 1 in Hexes
 10056 | D:8      | Reached skill level 9 in Conjurations
 10336 | D:8      | Offered knowledge of Conjure Flame by Vehumet.
 10342 | D:8      | Learned a level 3 spell: Conjure Flame
 10636 | D:8      | Reached *** piety under Vehumet
 10637 | D:8      | Reached skill level 1 in Fire Magic
 10788 | D:8      | Found a staircase to the Lair.
 11151 | D:7      | Killed a gargoyle
 11152 | D:7      | Reached XP level 10. HP: 72/87 MP: 0/19
 11859 | D:9      | Reached skill level 10 in Conjurations
 11914 | D:9      | Offered knowledge of Olgreb's Toxic Radiance by Vehumet.
 12502 | D:9      | Found an iron altar of Okawaru.
 12875 | D:9      | Found Unynguck's Weapon Shoppe.
 13383 | D:10     | Entered Level 10 of the Dungeon
 13453 | D:10     | Noticed an unseen horror
 13458 | D:10     | Killed an unseen horror
 13458 | D:10     | Reached **** piety under Vehumet
 13459 | D:10     | Reached skill level 1 in Shields
 13523 | D:10     | Noticed a two-headed ogre
 13809 | D:10     | Noticed a two-headed ogre
 13822 | D:10     | Killed a two-headed ogre
 13823 | D:10     | Reached skill level 5 in Axes
 13823 | D:10     | Reached skill level 11 in Conjurations
 13823 | D:10     | Reached XP level 11. HP: 84/93 MP: 5/22
 13915 | D:10     | Found an opulent altar of Gozag.
 13951 | D:10     | Offered knowledge of Lightning Bolt by Vehumet.
 14089 | D:5      | Bought a book of Callings for 330 gold pieces
 14093 | D:5      | Learned a level 3 spell: Call Canine Familiar
 14099 | D:5      | Learned a level 5 spell: Lightning Bolt
 14461 | D:10     | Killed a two-headed ogre
 15069 | D:11     | Noticed a centaur warrior
 15073 | D:11     | Noticed a deep elf annihilator
 15083 | D:10     | Killed a centaur warrior
 15084 | D:10     | Reached skill level 1 in Summonings
 15084 | D:10     | Reached skill level 1 in Air Magic
 15430 | D:11     | Found Piuleoca's Distillery.
 15436 | D:11     | Bought a potion of heal wounds for 65 gold pieces
 15436 | D:11     | Bought a potion of heal wounds for 65 gold pieces
 15442 | D:11     | Identified the +11 chain mail of the Skies Above {rElec}
                  | (You found it on level 7 of the Dungeon)
 15505 | D:11     | Noticed Psyche
 15511 | D:11     | Killed Psyche
 15863 | D:11     | Found Mugan's Weapon Boutique.
 15863 | D:11     | Found a staircase to the Orcish Mines.
 15864 | D:11     | Found Ylatuo's Armour Boutique.
 15865 | D:11     | Noticed an orc sorcerer
 15870 | D:11     | Killed an orc sorcerer
 15880 | D:11     | Reached skill level 1 in Armour
 15888 | D:11     | Reached skill level 5 in Fighting
 16210 | D:11     | Reached ***** piety under Vehumet
 16300 | D:11     | Offered knowledge of Lee's Rapid Deconstruction by Vehumet.
 16301 | D:11     | Reached skill level 5 in Fire Magic
 16684 | Lair:1   | Entered Level 1 of the Lair of Beasts
 16708 | Lair:1   | Reached XP level 12. HP: 58/103 MP: 19/24
 16801 | Lair:1   | Noticed an eight-headed hydra
 16851 | Lair:1   | Noticed an eight-headed hydra
 16887 | Lair:1   | Found a frozen archway.
 17043 | Lair:1   | Slain by an ice beast

Illustrated notes

Levels and vault maps discovered:
D:1:      dpeg_arrival_line_fractal, layout_basic, minivault_25
D:2:      layout_basic
D:3:      layout_basic, gammafunk_temple_overflow_elements,
          minmay_misc_feat_four_crosses, minmay_crystal_room,
          uniq_crazy_yiuf_cottage, uniq_jessica, uniq_terence
D:4:      kennysheep_the_goblin_king, layout_loops_ring, lemuel_crystal_altar,
          serial_shops, shop_statue, nicolae_tso_besieged_by_evil
D:5:      layout_loops_ring, lemuel_round_altar, serial_co_window_serial,
          co_window_of_opportunity_a, co_window_of_opportunity_a,
          co_window_corner_a, co_window_corner_a, co_window_of_opportunity_a,
          co_window_corner_b, co_window_broadway_b, co_window_broadway_b,
          glass_columns_b, glass_columns_b, glass_columns_a, glass_columns_b,
          serial_shops, kennysheep_mini_moat, uniq_blork_the_orc
D:6:      layout_loops_ring, led_sif_book, minmay_temple_entry_ruins,
          portal_sewer_entry_d
D:7:      layout_basic, basic_altar
D:8:      layout_layer_cave, lemuel_round_altar, lair_entry_dummy, special_room
          [special_room_orc]
D:9:      layout_rooms, serial_curves, eino_curves_04, eino_curves_01,
          basic_altar, fungi_pond_lemuel, kennysheep_windowed_goal
D:10:     layout_stronghold, lemuel_altar_in_water
D:11:     cheibrodos_wizards_tower, layout_basic, orc_david_3, serial_shops,
          shop, uniq_psyche
Temple:   eino_wide_crystal_templ
Lair:1:   layout_layer_cave, portal_ice_cave_entry_ice_beasts,
          grunt_megastairs_4

Skill      XL: |  1  2  3  4  5  6  7  8  9 10 11 12 |
---------------+-------------------------------------+-----
Stealth        | 4 5 6 |  6.0
Spellcasting   | 3 4 5 6 7 8 |  8.1
Fighting       | 1 2 3 4 5 |  5.6
Polearms       | 1 2 |  2.0
Conjurations   | 5 6 7 9 11 | 11.9
Evocations     | 1 3 |  3.5
Axes           | 3 5 6 |  6.2
Hexes          | 2 |  2.0
Fire Magic     | 1 4 5 |  5.4
Shields        | 2 4 |  4.0
Summonings     | 1 |  1.3
Air Magic      | 1 |  1.3
Armour         | 1 2 |  2.1
Dodging        | |  1.5

Action                   |  1- 3 |  4- 6 |  7- 9 | 10-12 || total
-------------------------+-------+-------+-------+-------++-------
Melee: Spear             |    42 |    48 |       |       ||    90
       Whip              |       |       |    83 |       ||    83
       Hand axe          |       |       |    39 |   120 ||   159
Throw: Dart              |       |     2 |     2 |     8 ||    12
       Javelin           |       |       |     4 |       ||     4
 Cast: Magic Dart        |    37 |    72 |   152 |    78 ||   339
       Searing Ray       |       |    14 |    65 |    94 ||   173
       Dazzling Flash    |       |       |     6 |     9 ||    15
       Fulminant Prism   |       |       |     4 |    31 ||    35
       Conjure Flame     |       |       |     3 |     2 ||     5
       Lightning Bolt    |       |       |       |     1 ||     1
       Call Canine Famil |       |       |       |     1 ||     1
 Abil: Spit Poison       |     4 |     7 |    11 |     8 ||    30
Evoke: Wand              |       |       |     1 |     4 ||     5
       Box of beasts     |       |       |       |     1 ||     1
  Use: Scroll            |       |     8 |    10 |     9 ||    27
       Potion            |       |       |     3 |     4 ||     7
 Stab: Sleeping          |     3 |     2 |     1 |     1 ||     7
       Distracted        |       |       |       |     1 ||     1
       Invisible         |       |       |       |     1 ||     1
Armor: Robe              |    16 |    21 |    76 |    98 ||   211
       Chain mail        |       |       |       |   128 ||   128
Dodge: Dodged            |    34 |    47 |   127 |   119 ||   327
Block: Buckler           |       |       |       |    45 ||    45

Table legend: (Time is in decaauts)
 A = Elapsed time spent in this place.
 B = Non-inter-level travel time spent in this place.
 C = Inter-level travel time spent in this place.
 D = Time resting spent in this place.
 E = Time spent auto-exploring this place.
 F = Levels seen in this place.
 G = Mean time per level.
                   A        B        C        D        E       F      G
               +--------+--------+--------+--------+--------+-----+--------+
         Total |  20893 |  16336 |   4557 |   3659 |   7489 |  14 | 1492.4 |
       Dungeon |  19376 |  14944 |   4432 |   3588 |   7020 |  11 | 1761.5 |
        Temple |     75 |      4 |     71 |      0 |      0 |   1 |   75.0 |
          Lair |    446 |    393 |     53 |     17 |      0 |   1 |  446.0 |
         Sewer |    994 |    994 |      0 |     54 |    469 |   1 |  994.0 |
               +--------+--------+--------+--------+--------+-----+--------+

Top non-repeatable levels by time:
     D:8: 2563 daAuts
     D:7: 2316 daAuts
     D:5: 2274 daAuts
    D:10: 1991 daAuts
     D:9: 1944 daAuts
     D:6: 1570 daAuts
    D:11: 1495 daAuts
     D:3: 1397 daAuts
     D:4: 1376 daAuts
     D:1: 1273 daAuts
     D:2: 1172 daAuts
   Sewer: 994 daAuts
  Lair:1: 446 daAuts
  Temple: 75 daAuts
